 Dungeon Sprint DCSS version 0.30-a0-210-g01b79a254e (webtiles) character file.

Game seed: 4539164485414468522

18 rocky1 the Cudgeller (level 2, -3/29 HPs)
             Began as an Ogre Gladiator on Oct 5, 2022.
             Was an Initiate of Gozag.
             Splashed by a jelly's acid (8 damage)
             ... in the Dungeon (Sprint VII: "The Pits").
             The game lasted 00:00:44 (444 turns).

rocky1 the Cudgeller (Ogre Gladiator)                Turns: 444, Time: 00:00:46

Health: -3/29      AC: -5    Str: 17    XL:     2   Next: 70%
Magic:  2/2        EV: 10    Int:  9    God:    Gozag
Gold:   351        SH:  0    Dex: 10    Spells: 1/1 levels left

rFire   . . .      SeeInvis .    a - +0 flail
rCold   . . .      Faith    .    (no shield)
rNeg    . . .      Spirit   .    b - +0 robe
rPois   .          Reflect  .    c - +0 hat
rElec   .          Harm     .    (no cloak)
rCorr   .          Rampage  .    (gloves unavailable)
Will    .....      NoTele   +    (boots unavailable)
Stlth   +.........               (no amulet)
HPRegen 0.24/turn                (no ring)
MPRegen 0.08/turn                (no ring)

@: corroded
A: large, unfitting armour, tough skin 1
a: Renounce Religion, Potion Petition, Call Merchant, Bribe Branch


You were in the Dungeon.
You worshipped Gozag.
Gozag was aware of your devotion.
You visited 1 branch You collected 351 gold pieces.

Inventory:

Hand Weapons
 a - a +0 flail (weapon)
Missiles
 d - 3 throwing nets (quivered)
 e - a large rock
Armour
 b - a +0 robe (worn)
 c - a +0 hat (worn)
Scrolls
 k - a scroll of blinking
 m - 5 scrolls of amnesia
 n - a scroll of summoning
Potions
 f - a potion of curing
 g - a potion of heal wounds
 h - a potion of haste
 i - 4 potions of magic
 j - 3 potions of berserk rage
 l - 2 potions of invisibility


   Skills:
 - Level 2.6 Fighting
 + Level 5.5 Maces & Flails
 - Level 2.0 Throwing
 - Level 2.6 Dodging


You had one spell level left.
You didn't know any spells.
Your spell library was empty.

Dungeon Overview and Level Annotations

Branches:
Dungeon (1/1)

Altars:
Ashenzari
Cheibriados
Dithmenos
Elyvilon
Fedhas
Gozag
Hepliaklqana
Kikubaaqudgha
Makhleb
Nemelex Xobeh
Okawaru
Qazlal
Ru
Sif Muna
Trog
Uskayaw
Vehumet
Wu Jian
Xom
Yredelemnul
Zin
The Shining One
Jiyva
Lugonu


Innate Abilities, Weirdness & Mutations

You are too large for most types of armour.
You have tough skin. (AC +1)


Message History

You hit the river rat.
The river rat is almost dead.
The river rat barely misses you.
You sock the river rat!
You kill the river rat!
The quokka skeleton bites you.
Your Maces & Flails skill increases to level 5!
You barely miss the quokka skeleton.
The quokka skeleton bites you but does no damage.
You barely miss the quokka skeleton. The quokka skeleton bites you.
You thump the quokka skeleton!
You destroy the quokka skeleton!
You now have 351 gold pieces (gained 117).
You start resting.
HP restored.
There is an open door here.
A gnoll and a jelly come into view.
There is an open door here.
There is an open door here.
There is an open door here.
You hit the jelly. The acid corrodes you!
Your hands burn!
The jelly is moderately wounded.
The jelly closely misses you.
You barely miss the jelly.
The jelly is moderately wounded.
The jelly completely misses you.
You hit the jelly but do no damage.
Your hands burn!
The jelly is moderately wounded.
The jelly closely misses you.
You hit the jelly.
Your hands burn!
The jelly is heavily wounded.
The jelly hits you.
You are splashed with acid!
You hit the jelly.
Your hands burn!
* * * LOW HITPOINT WARNING * * *
The jelly is almost dead.
The jelly hits you.
* * * LOW HITPOINT WARNING * * *
The acid corrodes you!
You are splashed with acid!
You die...
Your body crumbles into a pile of gold.

#_______...###########+
##########'##..........
#.?(.')))'.##......#..#
##########.##..........
#..........†'..........
#+#####'#####......#..#
#...#)# #..........
#...#.# ####'#####+
#..J@.# #.......#
##'#### #.......#
#....g# #.......#
#...J.# #...<...#
#........##.......#
#........##.......#
###########.......#
#########


You could see a jelly.

Vanquished Creatures
  A river rat (D)
  4 jackals (D)
  A ball python (D)
  A goblin (D)
  A quokka skeleton (D)
  2 rats (D)
10 creatures vanquished.

Notes
Turn   | Place    | Note
-------+----------+-------------------------------------------
     0 | D        | rocky1 the Ogre Gladiator began the quest for the Orb.
     0 | D        | Reached XP level 1. HP: 22/22 MP: 1/1
    23 | D        | Reached skill level 3 in Maces & Flails
    31 | D        | Reached skill level 4 in Maces & Flails
    98 | D        | Found a bloodstained altar of Trog.
    98 | D        | Found a shimmering blue altar of Sif Muna.
    98 | D        | Found a viscous altar of Jiyva.
    98 | D        | Found a hazy altar of Hepliaklqana.
    98 | D        | Found an opulent altar of Gozag.
   100 | D        | Found a glowing golden altar of the Shining One.
   100 | D        | Found a glowing silver altar of Zin.
   100 | D        | Found a basalt altar of Yredelemnul.
   100 | D        | Found a shimmering altar of Xom.
   100 | D        | Found an ornate altar of the Wu Jian Council.
   100 | D        | Found a sacrificial altar of Ru.
   100 | D        | Found a stormy altar of Qazlal.
   100 | D        | Found an iron altar of Okawaru.
   100 | D        | Found a sparkling altar of Nemelex Xobeh.
   100 | D        | Found a burning altar of Makhleb.
   100 | D        | Found a blossoming altar of Fedhas.
   100 | D        | Found a white marble altar of Elyvilon.
   100 | D        | Found a shadowy altar of Dithmenos.
   100 | D        | Found a snail-covered altar of Cheibriados.
   104 | D        | Found a corrupted altar of Lugonu.
   104 | D        | Found a radiant altar of Vehumet.
   105 | D        | Found a broken altar of Ashenzari.
   105 | D        | Found an ancient bone altar of Kikubaaqudgha.
   105 | D        | Found a hide-covered altar of Uskayaw.
   107 | D        | Became a worshipper of Gozag Ym Sagoz the Greedy
   159 | D        | Reached XP level 2. HP: 12/29 MP: 2/2
   360 | D        | Reached skill level 5 in Maces & Flails
   444 | D        | Splashed by a jelly's acid

Illustrated notes

Levels and vault maps discovered:
D:        pitsprint [storerooms_1, entrance_room_1, metal_vault_7, armoury_1,
          mini_pit_1, grid_room_1, main_hall_1, silver_pit, the_coven_1,
          the_vestibule_1, steel_vault_2, golden_pit, hallway_of_sentries,
          crystal_vault_4, iron_vault_4, final_vault]

Skill      XL: |  1  2 |
---------------+-------+-----
Maces & Flails | 4 5 |  5.5
Fighting       | |  2.6
Throwing       | |  2.0
Dodging        | |  2.6

Action                   || total
-------------------------++-------
Melee: Flail             ||    57
Armor: Robe              ||    11
Dodge: Dodged            ||    34

Table legend: (Time is in decaauts)
 A = Elapsed time spent in this place.
 B = Non-inter-level travel time spent in this place.
 C = Inter-level travel time spent in this place.
 D = Time resting spent in this place.
 E = Time spent auto-exploring this place.
 F = Levels seen in this place.
 G = Mean time per level.
                   A        B        C        D        E       F      G
               +--------+--------+--------+--------+--------+-----+--------+
         Total |    454 |    454 |      0 |    292 |      0 |   1 |  454.0 |
       Dungeon |    454 |    454 |      0 |    292 |      0 |   1 |  454.0 |
               +--------+--------+--------+--------+--------+-----+--------+

Top non-repeatable levels by time:
       D: 454 daAuts
